 Dungeon Crawl Stone Soup version 0.28.0-53-g5a82cb258f (webtiles) character file.

Game seed: 14860716428476210789

65 styxcanada the Sneak (level 3, -3/18 HPs)
             Began as a Spriggan Brigand on Aug 18, 2022.
             Slain by Grinder (4 damage)
             ... on level 3 of the Dungeon.
             The game lasted 00:07:22 (1962 turns).

styxcanada the Sneak (Spriggan Brigand)             Turns: 1962, Time: 00:07:23

Health: -3/18      AC: 10    Str:  7    XL:     3   Next: 92%
Magic:  5/5        EV: 17    Int: 12    God:
Gold:   127        SH:  0    Dex: 18    Spells: 4/4 levels left

rFire   + . .      SeeInvis +   p - +1 short sword (protect)
rCold   + . .      Faith    .   (no shield)
rNeg    . . .      Spirit   .   b - +0 robe
rPois   +          Reflect  .   (helmet restricted)
rElec   +          Harm     .   c - +0 cloak
rCorr   +          Rampage  .   (gloves unavailable)
Will    .....      Rage     1%  (boots unavailable)
Stlth   ++++......              (no amulet)
HPRegen 0.06/turn               (no ring)
MPRegen 0.09/turn               (no ring)

@: resistant, under a protective aura, on berserk cooldown, slowed, quick
A: very small, no large weapons, unfitting armour, see invisible, speed 3,
berserk 1
a: no special abilities


You were on level 3 of the Dungeon.
You visited 1 branch of the dungeon, and saw 4 of its levels.

You collected 127 gold pieces.

Inventory:

Hand Weapons
 a - a +2 dagger
 p - a +1 short sword of protection (weapon)
Missiles
 d - 8 poisoned darts (quivered)
 e - 2 curare-tipped darts
 h - 50 stones
Armour
 b - a +0 robe (worn)
 c - a +0 cloak (worn)
Jewellery
 l - a ring of fire
Scrolls
 f - 2 scrolls of fog {unknown}
 i - 3 scrolls of identify {unknown}
 n - a scroll of immolation {unknown}
 o - 2 scrolls of teleportation {unknown}
 q - a scroll of enchant armour {unknown}
 r - a scroll of fear {unknown}
Potions
 j - 2 potions of resistance
 k - a potion of curing {unknown}
 m - 2 potions of brilliance {unknown}
 s - a potion of lignification {unknown}


   Skills:
 * Level 1.8 Fighting
 + Level 2.8 Short Blades
 + Level 2.1 Throwing
 * Level 1.8 Dodging
 * Level 7.2 Stealth
 * Level 1.0 Spellcasting


You had 4 spell levels left.
You didn't know any spells.
Your spell library contained the following spells:

 Spells                   Type           Power      Damage    Failure   Level
 Shock                    Conj/Air       0%         1d3       30%         1
 Swiftness                Air            0%         N/A       65%         3
 Airstrike                Air            0%         N/A       96%         4


Dungeon Overview and Level Annotations

Branches:
Dungeon (4/15)
 Temple: D:4-7

Altars:

Annotations:
D:3 Grinder


Innate Abilities, Weirdness & Mutations

You are very small and have problems with some larger weapons.
You are too small for most types of armour.
You have supernaturally acute eyesight. (SInv)
You cover ground extremely quickly. (Speed+++)
You tend to lose your temper in combat.


Message History

A red film seems to cover your vision as you go berserk!
You feel yourself moving faster!
You feel mighty!
You puncture Grinder!
Grinder is moderately wounded.
Grinder gestures at you. You resist with significant effort.
You puncture Grinder!
Grinder is severely wounded.
Grinder closely misses you.
You hit Grinder.
Grinder is almost dead.
Grinder blinks!
You feel a strong urge to attack something.
You feel your anger nearly subside.
You are no longer berserk.
You are exhausted.
You feel yourself slow down.
Grinder blinks!
You hit Grinder.
Grinder is almost dead.
Grinder gestures at you. You resist with significant effort.
You closely miss Grinder.
Grinder is almost dead.
Grinder blinks! x2
Grinder blinks!
You hear the slow rusting of a very distant drain.
Grinder hits you.
* * * LOW HITPOINT WARNING * * *
You writhe in agony.
* * * LOW HITPOINT WARNING * * *
You hit Grinder.
Your weapon exudes an aura of protection.
You punch Grinder, but do no damage.
Grinder is almost dead.
Grinder completely misses you.
You hit Grinder but do no damage.
Grinder is almost dead.
Grinder hits you.
* * * LOW HITPOINT WARNING * * *
You writhe in agony.
You die...

..................
####.#...#
....#.#.####...###
..#....
..#.#.#.#.## #....
.......
...........#
#.##.. ##. ..#
....#....# .## .#
#.#.#.†..###..## #
#.#.#.!....##
#.###.......# #.#
#..@....#
....(....5(..##
........#...##
#.#.###.##.##
#.#.# #.# .# ..#<#
#.# .. .. ... ...
... ..# ....


You could see Grinder.

Vanquished Creatures
  A hound skeleton (D:4)
  A worm (D:4)
  3 dart slugs
  3 ball pythons
  2 endoplasms (D:2)
  2 giant cockroaches
  4 hobgoblins
  3 jackals (D:1)
  5 kobolds
  3 quokkas
  6 bats
  2 frilled lizards
  2 goblins (D:1)
  2 rats (D:2)
39 creatures vanquished.

Notes
Turn   | Place    | Note
-------+----------+-------------------------------------------
     0 | D:1      | styxcanada the Spriggan Brigand began the quest for the
                  | Orb.
     0 | D:1      | Reached XP level 1. HP: 10/10 MP: 2/2
    11 | D:1      | Reached skill level 6 in Stealth
   413 | D:1      | Noticed a great orb of eyes
   419 | D:1      | Noticed a great orb of eyes
   426 | D:1      | Found a faded altar of an unknown god.
   427 | D:1      | Noticed a floating eye
   427 | D:1      | Noticed a floating eye
   434 | D:1      | Reached XP level 2. HP: 14/14 MP: 3/3
  1161 | D:2      | Reached XP level 3. HP: 18/18 MP: 5/5
  1170 | D:2      | Reached skill level 7 in Stealth
  1853 | D:2      | You fall into a shaft and drop 2 floors!
  1923 | D:3      | Noticed Grinder
  1938 | D:3      | Reached skill level 1 in Spellcasting
  1945 | D:3      | Gained mutation: You tend to lose your temper in combat.
                  | [potion of mutation]
  1962 | D:3      | Slain by Grinder

Illustrated notes

Levels and vault maps discovered:
D:1:      sevenhm_arrival_forest_fort_small_5, layout_loops_ring,
          hellmonk_ecumenical_altar_watching_god
D:2:      layout_loops_corners, minmay_tall_x
D:3:      layout_basic, portal_sewer_entry_e, minivault_19,
          minmay_ogre_servants, uniq_grinder
D:4:      layout_rooms, serial_shops, kennysheep_mini,
          nicolae_inconvenience_store, kennysheep_windowed_goal, uniq_edmund

Skill      XL: |  1  2  3 |
---------------+----------+-----
Stealth        | 6 7 |  7.2
Spellcasting   | 1 |  1.0
Fighting       | |  1.8
Short Blades   | |  2.8
Throwing       | |  2.1
Dodging        | |  1.8

Action                   || total
-------------------------++-------
Melee: Dagger            ||    74
       Punch             ||     3
       Short sword       ||    48
Throw: Dart              ||     4
  Use: Potion            ||     2
 Stab: Sleeping          ||    17
Armor: Robe              ||    22
Dodge: Dodged            ||    74
